Map: Romanticide LE

Players

Kelazhur

  • Race: Terran Terran
  • Spawn Location: 5:00

SpeCial - Winner!

  • Race: Terran Terran
  • League: Master
  • Spawn Location: 11:00

Event: DreamHack SC2 Masters 2020 Winter

VOD

Have the link to the VOD?

Description

Time

  • Played on: Oct. 25, 2020, 5:37 p.m.
  • Length: 16:45

All games in this series

Show
View Real Time Build Order
Export as new Build Order

Kelazhur Terran 

Build Orders:  

Get SALT Encoding   

  12  0:00  SCV  
  13  0:13  SCV  
  14  0:17  Supply Depot  
  14  0:25  SCV  
  15  0:38  SCV  
  15  0:39  Barracks  
  16  0:43  Refinery  
  16  0:50  SCV  
  16  0:54  Refinery  
  17  1:02  SCV  
  18  1:14  SCV  
  19  1:26  Reaper  
  19  1:27  Orbital Command  
  19  1:28  Supply Depot  
  20  1:44  Factory  
  20  1:54  SCV  
  21  1:59  Reaper  
  22  2:06  SCV  
  23  2:17  Command Center  
  23  2:21  SCV  
  26  2:30  Hellion  
  26  2:36  Starport  
  26  2:37  SCV  
  27  2:49  SCV  
  28  2:55  Factory Tech Lab  
  28  2:56  Barracks Reactor  
  29  3:05  Supply Depot  
  28  3:13  Starport Tech Lab  
  28  3:16  Cyclone  
  31  3:27  SCV  
  31  3:29  Orbital Command  
  31  3:31  Refinery  
  31  3:32  Marine x2  
  34  3:35  Banshee  
  34  3:39  SCV  
  35  3:50  Marine x2  
  35  3:51  SCV  
  38  3:56  SCV  
  38  4:03  SCV  
  38  4:08  Marine  
  38  4:09  SCV, Marine  
  42  4:15  SCV  
  42  4:16  Siege Tank  
  46  4:22  SCV  
  45  4:26  Marine x2  
  45  4:27  SCV  
  45  4:29  Raven  
  50  4:33  Supply Depot  
  50  4:34  SCV  
  51  4:39  SCV  
  51  4:43  Supply Depot  
  52  4:46  SCV  
  52  4:48  Marine  
  54  4:52  SCV  
  54  4:54  Marine  
  54  4:55  Siege Tank  
  54  4:59  SCV  
  58  5:05  SCV  
  58  5:06  Marine  
  59  5:11  SCV  
  59  5:12  Raven, Marine  
  63  5:17  SCV  
  61  5:23  SCV, Supply Depot  
  61  5:27  Siege Tank  
  66  5:29  SCV  
  66  5:35  SCV, Command Center  
  66  5:42  SCV  
  67  5:47  SCV, Supply Depot  
  68  5:54  SCV  
  69  6:00  Marine  
  69  6:01  Siege Tank  
  74  6:05  Supply Depot  
  74  6:06  Viking  
  74  6:08  Viking  
  74  6:09  SCV x2  
  79  6:13  Stimpack, Refinery  
  79  6:21  SCV  
  79  6:23  Marine  
  81  6:26  SCV  
  81  6:28  Barracks  
  81  6:30  Barracks  
  82  6:33  SCV, Siege Tank  
  82  6:37  Viking  
  88  6:44  Viking  
  88  6:46  SCV  
  90  6:49  SCV, Orbital Command  
  91  6:56  Marine  
  91  6:59  SCV  
  91  7:00  Engineering Bay  
  93  7:01  SCV, Engineering Bay  
  93  7:11  SCV  
  93  7:13  Viking  
  93  7:14  Viking, SCV  
  95  7:21  SCV  
  96  7:25  Barracks Reactor x2  
  96  7:28  SCV x2, Orbital Command  
  98  7:35  Marine  
  98  7:36  Siege Tank  
  102  7:39  Supply Depot x2  
  102  7:40  SCV  
  102  7:41  SCV  
  101  7:52  SCV  
  101  7:54  Terran Infantry Weapons Level 1, Terran Infantry Armor Level 1  
  101  7:55  SCV x2  
  104  8:04  SCV  
  102  8:07  SCV  
  102  8:08  Viking  
  102  8:09  Viking, Marine x4  
  102  8:10  Marine  
  102  8:11  SCV  
  113  8:19  SCV x2  
  111  8:22  Combat Shield, Siege Tank  
  111  8:24  SCV  
  115  8:27  Marine x2  
  115  8:31  SCV  
  115  8:33  Marine x2  
  120  8:36  SCV  
  121  8:42  Barracks  
  121  8:43  SCV, Medivac, Barracks  
  124  8:50  Armory, SCV  
  124  8:52  Marine  
  125  8:59  SCV, Marine  
  125  9:00  Marine  
  125  9:01  SCV, Medivac  
  124  9:03  SCV  
  124  9:05  Marine  
  124  9:06  Marine, Siege Tank  
  116  9:10  Marine  
  116  9:12  SCV  
  116  9:13  SCV  
  116  9:16  SCV  
  117  9:17  Marine  
  117  9:20  Medivac  
  117  9:21  Marine  
  117  9:24  SCV  
  107  9:27  Command Center, Refinery x2  
  107  9:28  Marauder, Marine  
  110  9:32  Supply Depot, Barracks Tech Lab x2  
  110  9:34  Medivac  
  110  9:36  Supply Depot  
  110  9:38  Marine x2  
  114  9:39  Siege Tank  
  114  9:42  Marine  
  118  9:50  Marauder  
  120  9:56  Supply Depot  
  120  9:57  Marine x2  
  120  9:59  Marine  
  123  10:00  Marauder x2  
  123  10:02  Supply Depot x2, Terran Infantry Weapons Level 2  
  123  10:04  Supply Depot  
  127  10:11  Supply Depot  
  127  10:12  Terran Infantry Armor Level 2  
  127  10:19  Marine x4  
  127  10:20  Marauder  
  130  10:21  Marauder  
  130  10:22  Supply Depot, Marauder  
  130  10:26  Siege Tank  
  137  10:30  SCV x3, Supply Depot  
  137  10:34  Viking x2  
  144  10:36  Marine  
  144  10:42  SCV  
  146  10:44  Marauder x2, Marine x2  
  152  10:52  SCV  
  152  10:53  Marine  
  152  10:54  Marauder, Marine  
  157  10:58  Siege Tank  
  157  11:03  Starport  
  160  11:04  Starport  
  160  11:05  SCV x2  
  160  11:06  SCV  
  160  11:08  Marauder  
  160  11:11  Marine  
  165  11:15  Viking  
  165  11:16  Viking  
  168  11:29  Marauder, Marine x2  
  168  11:30  Concussive Shells, Marauder, Siege Tank  
  175  11:38  Marauder, Marine  
  167  11:40  Viking  
  169  11:50  Viking  
  155  11:54  Viking  
  155  11:59  Viking  
  156  12:03  Siege Tank  
  156  12:06  Marauder  
  156  12:08  Marauder x2  
  163  12:14  Liberator  
  164  12:18  Marine  
  164  12:20  SCV x2  
  164  12:21  Orbital Command  
  167  12:26  Command Center  
  152  12:32  Marauder x2  
  152  12:34  Marine  
  152  12:35  SCV x3  
  152  12:36  Liberator x2  
  153  12:40  Marauder  
  153  12:44  Marine  
  126  12:45  Marine  
  126  12:47  SCV x4  
  126  12:50  Marine  
  122  12:52  Marine  
  122  12:54  Marauder x2  
  127  13:00  Liberator  
  127  13:02  Marauder, Marine  
  124  13:10  Marine  
  119  13:12  Marine  
  119  13:13  Marine  
  119  13:15  Marauder x2  
  119  13:17  Orbital Command  
  119  13:18  Barracks  
  119  13:19  Marine, Barracks  
  115  13:21  Barracks  
  115  13:23  Marauder  
  115  13:26  SCV  
  118  13:27  SCV x2  
  118  13:28  Marine  
  118  13:30  Marine x2  
  117  13:35  Liberator  
  117  13:36  Marauder, Liberator  
  117  13:37  Marauder, Marine  
  117  13:39  SCV x3  
  131  13:44  Marauder  
  131  13:46  Fusion Core  
  131  13:48  SCV  
  131  13:57  Terran Infantry Weapons Level 3  
  131  13:58  Marauder x2  
  135  14:05  Siege Tank  
  135  14:06  Starport Reactor x2, Marauder  
  135  14:08  SCV x3  
  142  14:14  Refinery  
  142  14:15  Refinery, Marine x4  
  144  14:17  Sensor Tower  
  144  14:19  Barracks Reactor, Marauder  
  144  14:20  Barracks Tech Lab x2  
  146  14:24  Planetary Fortress  
  145  14:31  Terran Ship Weapons Level 1  
  145  14:33  SCV x2  
  145  14:34  SCV x2  
  149  14:40  Marauder x3  
  149  14:45  SCV x2  
  157  14:50  Marine  
  157  14:51  SCV x2, Marauder  
  153  14:57  Viking x3, SCV x2  
  155  15:02  Advanced Ballistics  
  155  15:03  SCV  
  155  15:04  SCV  
  155  15:06  Siege Tank  
  160  15:09  SCV x2  
  160  15:10  SCV  
  160  15:13  Marauder x3  
  169  15:16  SCV x2  
  171  15:21  SCV  
  171  15:26  Marauder x2, Liberator x3  
  159  15:32  SCV  
  159  15:34  Marauder  
  147  15:36  Marauder, Liberator  
  147  15:37  Marine x3  
  147  15:38  Marine  
  147  15:39  Marauder  
  153  15:44  Marine  
  153  15:45  Marine  
  153  15:47  Marauder  
  153  15:48  Marauder  
  153  15:49  Siege Tank  
  161  15:55  Marine x4  
  161  15:56  Marauder  
Show
View Real Time Build Order
Export as new Build Order

SpeCial Terran - Winner!

Build Orders: Mech 

Get SALT Encoding   

  12  0:00  SCV  
  13  0:12  SCV  
  14  0:17  Supply Depot  
  14  0:24  SCV  
  15  0:39  SCV  
  15  0:40  Barracks  
  16  0:43  Refinery  
  16  0:51  SCV  
  16  0:52  Refinery  
  17  1:03  SCV  
  18  1:15  SCV  
  19  1:28  Reaper, Orbital Command  
  19  1:30  Supply Depot  
  20  1:42  Factory  
  20  1:54  SCV  
  20  2:00  Reaper  
  22  2:06  SCV  
  23  2:17  Command Center  
  23  2:19  SCV  
  24  2:27  Hellion  
  25  2:31  SCV  
  25  2:32  Reaper  
  27  2:41  Supply Depot  
  27  2:43  SCV  
  28  2:47  Starport  
  28  2:52  Hellion  
  28  2:55  SCV  
  31  3:05  Barracks Reactor  
  31  3:08  SCV  
  32  3:13  Factory Tech Lab  
  32  3:20  SCV  
  33  3:30  Starport Tech Lab  
  33  3:31  Refinery  
  33  3:32  SCV  
  33  3:33  Cyclone  
  37  3:45  Marine x2  
  37  3:48  SCV  
  40  3:49  Orbital Command  
  40  4:00  Raven  
  39  4:03  Marine x2  
  39  4:04  SCV  
  43  4:15  SCV  
  43  4:16  SCV, Siege Tank  
  46  4:21  Marine x2  
  48  4:27  SCV  
  48  4:28  SCV  
  48  4:31  Command Center  
  50  4:35  Supply Depot  
  50  4:40  SCV x2  
  50  4:45  Raven  
  52  4:47  Refinery  
  54  4:57  SCV, Siege Tank  
  54  4:59  Supply Depot  
  59  5:00  SCV  
  59  5:02  Marine x2  
  60  5:09  SCV  
  60  5:12  SCV  
  59  5:21  SCV  
  59  5:24  SCV  
  60  5:29  Siege Tank  
  60  5:33  SCV  
  64  5:35  Raven  
  64  5:36  SCV, Supply Depot  
  67  5:44  Marine  
  67  5:45  SCV, Supply Depot, Marine  
  70  5:52  Supply Depot  
  70  5:53  SCV  
  70  5:54  Orbital Command  
  71  5:57  SCV  
  71  5:59  Supply Depot  
  72  6:04  Siege Tank  
  72  6:05  SCV  
  72  6:09  SCV  
  77  6:13  Orbital Command  
  77  6:17  SCV  
  79  6:25  SCV  
  79  6:28  Viking x2  
  79  6:30  SCV, Factory  
  79  6:31  Factory  
  79  6:32  Barracks Reactor  
  84  6:36  Siege Tank  
  84  6:37  SCV  
  84  6:38  Engineering Bay  
  84  6:39  SCV  
  89  6:42  SCV  
  88  6:49  SCV  
  88  6:51  SCV  
  90  6:56  SCV  
  90  6:57  Refinery  
  90  6:58  Viking, Refinery  
  90  7:00  Viking, Supply Depot x2  
  95  7:02  SCV  
  96  7:08  Siege Tank  
  96  7:11  SCV x2  
  101  7:20  SCV  
  101  7:21  Sensor Tower  
  102  7:23  SCV  
  102  7:27  Siege Tank  
  104  7:33  Viking x2  
  108  7:37  Missile Turret  
  108  7:41  Supply Depot  
  108  7:43  SCV x3  
  108  7:50  Siege Tank  
  108  7:51  Hellion x2  
  114  7:55  SCV x2  
  114  7:58  SCV, Armory  
  117  8:06  Viking x2  
  121  8:19  SCV x3  
  122  8:23  Armory  
  122  8:25  Hellion x2  
  126  8:31  Supply Depot  
  126  8:32  Supply Depot, Siege Tank x2  
  131  8:36  Infernal Pre-Igniter  
  131  8:42  Viking x2  
  134  8:50  Hellion x2  
  134  8:51  Terran Vehicle Weapons Level 1  
  115  9:11  Hellion x2  
  113  9:20  Viking x2  
  113  9:23  Siege Tank x2  
  115  9:27  SCV  
  115  9:28  SCV x2  
  115  9:29  Command Center  
  118  9:33  Terran Vehicle And Ship Armor Level 1  
  118  9:35  Supply Depot x2, Factory  
  118  9:37  Hellion x2, Factory  
  122  9:40  SCV  
  123  9:45  SCV  
  123  9:46  SCV  
  123  9:52  SCV  
  126  9:53  Liberator  
  126  9:55  Siege Tank x2  
  126  9:58  SCV, Supply Depot  
  134  10:03  Liberator  
  134  10:05  Hellion x2  
  141  10:08  Missile Turret  
  141  10:21  Factory Reactor, Factory Tech Lab  
  141  10:26  Supply Depot, Hellion  
  141  10:27  Missile Turret, Siege Tank  
  141  10:28  Hellion  
  148  10:29  Siege Tank  
  148  10:33  SCV x3  
  146  10:45  SCV  
  146  10:48  Hellion  
  149  10:50  Medivac x2  
  149  10:55  Hellion  
  149  10:56  Siege Tank  
  158  11:00  Siege Tank  
  161  11:06  SCV x2, Planetary Fortress  
  161  11:07  SCV  
  164  11:14  Hellion x2, Siege Tank  
  171  11:19  Hellion x2  
  171  11:23  Refinery  
  171  11:24  Terran Vehicle Weapons Level 2, Refinery  
  175  11:33  Siege Tank  
  175  11:34  Hellion  
  175  11:35  Viking  
  177  11:51  Hellion x2, Siege Tank  
  176  11:55  Hellion, Siege Tank  
  176  11:57  Hellion  
  176  11:58  Viking  
  185  12:06  Terran Vehicle And Ship Armor Level 2  
  167  12:20  Supply Depot  
  167  12:22  Hellion  
  167  12:23  Hellion x2, Siege Tank  
  167  12:29  Siege Tank  
  170  12:30  Siege Tank  
  170  12:36  Hellion  
  162  12:41  SCV x2  
  150  12:46  Hellion x3  
  153  12:51  Factory  
  153  12:52  Factory  
  153  12:53  Mag-Field Accelerator  
  153  12:55  Cyclone  
  153  12:57  SCV x3, Hellion  
  155  13:10  Viking x2  
  155  13:12  Cyclone x2  
  162  13:15  Hellion  
  162  13:20  Command Center  
  157  13:28  Hellion x3  
  157  13:29  Hellion  
  162  13:40  Viking x2  
  166  13:43  Factory Tech Lab  
  166  13:44  Cyclone x2, Factory Tech Lab  
  170  13:48  Terran Vehicle Weapons Level 3  
  170  13:52  Sensor Tower  
  170  13:55  Missile Turret x2  
  166  13:57  Hellion x4  
  166  13:59  Thor  
  176  14:13  Thor x2  
  182  14:24  Missile Turret  
  182  14:25  Thor  
  182  14:26  Missile Turret  
  182  14:29  Hellion x2  
  192  14:32  Hellion  
  190  14:45  Refinery  
  190  14:46  Refinery  
  190  14:50  Missile Turret  
  188  14:53  Smart Servos  
  188  14:56  Viking  
  180  15:01  Viking  
  182  15:16  Planetary Fortress  
  182  15:18  Thor  
  182  15:19  Hellbat  
  178  15:31  Viking x2  
  174  15:37  Thor  
  174  15:39  Hellion  
  174  15:41  Hellion  
  181  15:46  Hellion  
Tags
 
Add a new tag
Caveats
  • Supply blocks, unpowered buildings, or Contaminate may cause inaccurate times.
  • Supply counts are checked every 10 seconds.